 Dungeon Crawl Stone Soup version 0.29.1-15-g9cfb28693d (webtiles) character file.

Game seed: 12983476480567751168

35 CrimsonVi the Covered (level 3, 0/29 HPs)
             Began as a Human Fighter on Apr 3, 2023.
             Killed by nerve-wracking pain
             ... invoked by Jessica
              (5 damage)
             ... on level 2 of the Dungeon.
             The game lasted 00:04:04 (1279 turns).

CrimsonVi the Covered (Human Fighter)               Turns: 1279, Time: 00:04:05

Health: 0/29       AC:  6    Str: 16    XL:     3   Next: 52%
Magic:  3/3        EV:  9    Int: 10    God:
Gold:   64         SH:  4    Dex: 12    Spells: 2/2 levels left

rFire   x . .      SeeInvis .   a - +0 long sword
rCold   + . .      Faith    .   c - +0 buckler
rNeg    . . .      Spirit   .   b - +0 scale mail
rPois   .          Reflect  .   (no helmet)
rElec   .          Harm     .   (no cloak)
rCorr   .          Rampage  .   (no gloves)
Will    .....                   (no boots)
Stlth   ..........              (no amulet)
HPRegen 0.09/turn               j - ring of ice
MPRegen 0.08/turn               (no ring)

@: lethally poisoned (0 -> -7)
A: no striking features
a: no special abilities


You were on level 2 of the Dungeon.
You visited 1 branch of the dungeon, and saw 2 of its levels.

You collected 64 gold pieces.

Inventory:

Hand Weapons
 a - a +0 long sword (weapon)
Armour
 b - a +0 scale mail (worn)
 c - a +0 buckler (worn)
Jewellery
 j - a ring of ice (left hand)
Scrolls
 e - a scroll of immolation {unknown}
 f - a scroll of magic mapping {unknown}
 g - 2 scrolls of identify {unknown}
 h - a scroll of teleportation {unknown}
 i - a scroll of butterflies {unknown}
 k - a scroll of enchant weapon {unknown}
Potions
 d - a potion of might


   Skills:
 + Level 3.3 Fighting
 + Level 2.4 Long Blades
 + Level 3.4 Armour
 + Level 0.2 Dodging
 + Level 3.2 Shields


You had 2 spell levels left.
You didn't know any spells.
Your spell library was empty.

Dungeon Overview and Level Annotations

Branches:
Dungeon (2/15)

Altars:

Annotations:
D:2 Jessica


Message History

Jessica gestures wildly while chanting.
Jessica blinks!
The goblin barely misses you. The adder closely misses you.
The goblin closely misses you.
You closely miss the adder.
You feel sick. The adder barely misses you. x2
The goblin barely misses you. The adder completely misses you.
You barely miss the adder.
You feel sick.
You are no longer poisoned.
You block the goblin's attack. The adder bites you but does no damage.
The goblin barely misses you. The adder bites you.
Jessica hits you but does no damage. The goblin hits you but does no damage.
You are too injured to fight recklessly!
You are too injured to fight recklessly!
You are too injured to fight recklessly!
You are too injured to fight recklessly!
You are too injured to fight recklessly!
You are too injured to fight recklessly!
You are too injured to fight recklessly!
You are too injured to fight recklessly!
You are too injured to fight recklessly!
You are too injured to fight recklessly!
You are too injured to fight recklessly!
You are too injured to fight recklessly!
You are too injured to fight recklessly!
You are too injured to fight recklessly!
You closely miss the adder. The adder barely misses you.
The adder closely misses you. You block Jessica's attack.
The goblin closely misses you. The adder bites you.
You are poisoned.
The adder poisons you!
You closely miss the adder.
You feel yourself speed up.
You feel sick. The adder bites you.
* * * LOW HITPOINT WARNING * * *
You are lethally poisoned!
The adder poisons you! Jessica hits you with a +0 dagger.
* * * LOW HITPOINT WARNING * * *
The goblin hits you but does no damage. The adder bites you but does no damage.
Jessica gestures at you while chanting. Pain shoots through your body!
You die...

##########
...#.....##
.........<##
........^..#
........!.<#
......@....#
......g@...#
.......S.......
...........####
.....?.......
.).#......#...#
## ##########..
.


You could see an adder, Jessica and a goblin.

Vanquished Creatures
  A gnoll (D:1)
  A ball python (D:1)
  2 endoplasms (D:1)
  A giant cockroach (D:1)
  4 goblins (D:1)
  4 hobgoblins (D:1)
  A quokka (D:1)
  A frilled lizard (D:1)
  4 kobolds (D:1)
  3 rats (D:1)
22 creatures vanquished.

Notes
Turn   | Place    | Note
-------+----------+-------------------------------------------
     0 | D:1      | CrimsonVi the Human Fighter began the quest for the Orb.
     0 | D:1      | Reached XP level 1. HP: 18/18 MP: 1/1
   109 | D:1      | Reached XP level 2. HP: 21/24 MP: 2/2
   726 | D:1      | Reached XP level 3. HP: 28/29 MP: 3/3
  1267 | D:2      | Noticed Jessica
  1279 | D:2      | Killed from afar by Jessica

Illustrated notes

Levels and vault maps discovered:
D:1:      lordsloth_arrival_two_stooges, layout_basic
D:2:      layout_rooms, serial_curves, eino_curves_04, eino_curves_03,
          serial_shops, nicolae_shop_trees, uniq_jessica, uniq_sigmund

Action                   || total
-------------------------++-------
Melee: Long sword        ||    72
Armor: Scale mail        ||    37
Dodge: Dodged            ||    43
Block: Buckler           ||    22
